 Dungeon Crawl Stone Soup version 0.17.0-28-g6e173f8 (webtiles) character file.

130 dohliylev the Covert (level 4, 0/33 HPs)
             Began as a Vampire Assassin on Nov 29, 2015.
             Slain by Natasha (8 damage)
             ... on level 3 of the Dungeon.
             The game lasted 00:08:15 (1963 turns).

dohliylev the Covert (Vampire Assassin)             Turns: 1963, Time: 00:08:17

Health: 0/33       AC:  3    Str: 10    XL:     4   Next: 89%
Magic:  4/4        EV: 12    Int: 13    God:
Gold:   86         SH:  0    Dex: 16    Spells: 0 memorised, 3 levels left

rFire  . . .     SeeInvis +     a - +2 dagger
rCold  . . .     Clarity  .     c - +0 robe
rNeg   . . .     SustAt   .     (no shield)
rPois  .         Gourm    .     (no helmet)
rElec  .         Spirit   .     d - +0 cloak
rCorr  .         Warding  .     (no gloves)
rMut   .         Stasis   .     (no boots)
MR     .....                    (no amulet)
Stlth  +++++.....               (no ring)
                                (no ring)

@: regenerating quickly, slowed, very slow, not resistant to hostile
enchantments, quite stealthy
A: fangs 3, see invisible, unbreathing
a: no special abilities


You were on level 3 of the Dungeon.
You were very full.

You visited 1 branch of the dungeon, and saw 3 of its levels.

You collected 86 gold pieces.

Inventory:

Hand Weapons
 a - a +2 dagger (weapon)
 b - a +0 blowgun
Missiles
 e - 13 poisoned needles
 f - 8 curare-tipped needles
Armour
 c - a +0 robe (worn)
 d - a +0 cloak (worn)
Scrolls
 i - a scroll of enchant armour {unknown}
 j - 2 scrolls of amnesia {unknown}
 k - 2 scrolls of magic mapping {unknown}
 l - 3 scrolls of identify {unknown}
 m - a scroll of noise {unknown}
 n - a scroll of recharging {unknown}
 q - a scroll of remove curse {unknown}
 r - a scroll of teleportation {unknown}
Potions
 g - 13 potions of blood
 h - a potion of cure mutation {unknown}
 o - 2 potions of curing {unknown}
 p - a potion of might {unknown}


   Skills:
 - Level 1.7 Fighting
 - Level 2.1 Short Blades
 - Level 1.5 Throwing
 - Level 1.1 Dodging
 * Level 9.5 Stealth


You had 3 spell levels left.
You didn't know any spells.

Dungeon Overview and Level Annotations

Branches:
Dungeon (3/15)

Altars:

Annotations:
D:3 Natasha


Innate Abilities, Weirdness & Mutations

Your natural rate of healing is unusually fast.
You have razor-sharp teeth.
You have supernaturally acute eyesight.
You can survive without breathing.


Message History

Natasha is severely wounded.
Natasha stares next to you and mumbles some strange words.
A cloud of flames roars to life!
You hit Natasha.
Natasha is severely wounded.
Natasha casts a spell at you. The magic dart hits you! Natasha claws you.
You hit Natasha but do no damage. You bite Natasha.
Natasha is almost dead.
Natasha claws you.
You closely miss Natasha.
Natasha is almost dead.
Natasha claws you.
You hit Natasha.
Natasha is almost dead.
Natasha stares at you and mumbles some strange words.
The magic dart hits you!
* * * LOW HITPOINT WARNING * * *
Natasha claws you!
You die...

###########
#..ยง@h....#
#.#######.#
#.#####.#
#######.......#
##<............#
#............###
#.##########.#
#.# .# #.# #


You could see Natasha.

Vanquished Creatures
  Ijyb (D:2)
  4 adders
  A worm (D:2)
  3 giant geckos
  4 orcs (D:3)
  A ball python (D:2)
  A giant cockroach (D:1)
  2 hobgoblins (D:1)
  5 jackals (D:1)
  11 kobolds
  4 bats
  9 giant newts
  9 goblins
  2 quokkas (D:2)
  5 rats
62 creatures vanquished.

Notes
Turn   | Place    | Note
--------------------------------------------------------------
     0 | D:1      | dohliylev the Vampire Assassin began the quest for the Orb.
     0 | D:1      | Reached XP level 1. HP: 16/16 MP: 1/1
    37 | D:1      | Reached skill level 6 in Stealth
   176 | D:1      | Reached XP level 2. HP: 16/22 MP: 2/2
   377 | D:1      | Reached skill level 7 in Stealth
   797 | D:2      | Reached XP level 3. HP: 27/27 MP: 3/3
   940 | D:2      | Noticed Ijyb
   943 | D:2      | Killed Ijyb
   943 | D:2      | Reached skill level 8 in Stealth
  1139 | D:2      | Reached XP level 4. HP: 25/33 MP: 4/4
  1616 | D:2      | Reached skill level 9 in Stealth
  1950 | D:3      | Noticed Natasha
  1963 | D:3      | Slain by Natasha

Action                   |  1- 3 |  4- 6 || total
-------------------------+-------+-------++-------
Melee: Dagger            |   116 |    88 ||   204
 Fire: Blowgun           |       |     3 ||     3
  Use: Potion            |       |     1 ||     1
 Stab: Sleeping          |     7 |     2 ||     9
       Distracted        |     1 |       ||     1
  Eat: Corpse            |     9 |     5 ||    14
